 Dungeon Crawl Stone Soup version 0.21.1-1-g345015f (webtiles) character file.

103 inc the Conjurer (level 4, 18/18 HPs)
             Began as a Felid Wizard on Feb 22, 2018.
             Was a Follower of Kikubaaqudgha.
             Quit the game on level 5 of the Dungeon.
             The game lasted 00:12:01 (4034 turns).

inc the Conjurer (Felid Wizard)                     Turns: 4034, Time: 00:12:02

Health: 18/18      AC:  1    Str:  3    XL:     4   Next: 51%
Magic:  9/9        EV: 17    Int: 21    God:    Kikubaaqudgha [*.....]
Gold:   218        SH:  0    Dex: 14    Spells: 2/9 levels left
                                        Lives:  0   Deaths: 1

rFire    . . .     SeeInvis +   (weapon unavailable)
rCold    + . .     Gourm    .   (shield unavailable)
rNeg     . . .     Faith    .   (armour unavailable)
rPois    .         Spirit   .   (helmet unavailable)
rElec    .         Reflect  .   (cloak unavailable)
rCorr    .         Harm     .   (gloves unavailable)
MR       .....                  (boots unavailable)
Stlth    +++.......             (no amulet)
HPRegen  0.06/turn              c - ring of wizardry
MPRegen  0.11/turn              f - ring of protection from cold

@: quick
A: very small, no armour, no weapons or thrown items, stealth, claws 1, fangs 3,
see invisible, carnivore, speed 1, shaggy fur 1, slow metabolism 1, sharp paws
a: Receive Corpses, Renounce Religion


You were on level 5 of the Dungeon.
You worshipped Kikubaaqudgha.
Kikubaaqudgha was aware of your devotion.
You were not hungry.

You visited 1 branch of the dungeon, and saw 5 of its levels.

You collected 218 gold pieces.

Inventory:

Jewellery
 c - a ring of wizardry (left paw)
 f - a ring of protection from cold (right paw)
Scrolls
 d - a scroll of fear {unknown}
 i - 2 scrolls of enchant armour {unknown}
 j - 2 scrolls of teleportation {unknown}
 p - 4 scrolls of remove curse {unknown}
 q - a scroll of fog {unknown}
Potions
 e - 2 potions of haste
 h - a potion of degeneration {unknown}
 k - a potion of berserk rage {unknown}
 l - 2 potions of agility
 m - a potion of heal wounds
 n - 2 potions of resistance
 o - a potion of cancellation
 s - 2 potions of brilliance
 t - a potion of might
Books
 a - a book of Minor Magic

   Spells                             Type                      Level
   a - Magic Dart                     Conjuration                  1
   b - Blink                          Translocation                2
   c - Call Imp                       Summoning                    2
   d - Slow                           Hexes                        2
   e - Conjure Flame                  Conjuration/Fire             3
   f - Mephitic Cloud                 Conjuration/Poison/Air       3
 r - Kikubaaqudgha's Compendium of Sinister Rituals
   (Kikubaaqudgha gifted it to you on level 3 of the Dungeon)

   Spells                             Type                      Level
   a - Pain                           Necromancy                   1
   b - Corpse Rot                     Necromancy                   2
   c - Sublimation of Blood           Necromancy                   2
   d - Vampiric Draining              Necromancy                   3
Comestibles
 b - 5 rations


   Skills:
 - Level 2.6 Dodging
 - Level 2.6 Stealth
 - Level 3.0 Spellcasting
 - Level 4.4 Conjurations
 - Level 2.1 Summonings
 + Level 1.3 Necromancy
   Level 1.5 Translocations


You had 2 spell levels left.
You knew the following spells:

 Your Spells              Type           Power        Failure   Level  Hunger
a - Magic Dart            Conj           ###.         1%          1    None
b - Call Imp              Summ           ##......     3%          2    ##.....
c - Mephitic Cloud        Conj/Pois/Air  #.......     9%          3    ###....
d - Pain                  Necr           #...         3%          1    None


Dungeon Overview and Level Annotations

Branches:
Dungeon (5/15)
 Temple: D:4-7

Altars:
Hepliaklqana
Kikubaaqudgha
Qazlal
Sif Muna
Trog
Uskayaw
Xom
Yredelemnul

Annotations:
D:3 Grinder
D:4 Eustachio


Innate Abilities, Weirdness & Mutations

You cannot wear armour.
You are incapable of wielding weapons or throwing items.
Your paws allow you to move quietly. (Stealth)
You have sharp claws.
You have razor-sharp teeth.
You have supernaturally acute eyesight. (SInv)
You are carnivorous and can eat meat at any time.
You cover ground quickly.
You are covered in fur. (AC +1)
You have a slow metabolism.
Your sharp claws are effective at attacking unaware monsters.


Message History

The bullfrog zombie hits you!
* * * LOW HITPOINT WARNING * * *
Casting: Magic Dart
Confirm with . or Enter, or press ? or * to list all spells.
Aiming: Magic Dart
Press: ? - help, Shift-Dir - straight line, f/p - bullfrog zombie
Aim: a bullfrog zombie (severely damaged)
The magic dart hits the bullfrog zombie.
The bullfrog zombie is severely damaged.
The bullfrog zombie hits you.
You die...
The bullfrog zombie completely misses you.
You are now level 4!
You rejoin the land of the living...
Found 7 gold pieces.
A sky beast comes into view.
Found a short sword.
An adder and a worker ant come into view.
Found a basalt altar of Yredelemnul.
Are you sure you want to abandon this character and quit the game? (Confirm with "yes".)

*,,,**,*******..## #
*,,,**.#*
**...*******#
*,,,**..*
*..#,,,,,,,,#
******#.*
###.#********,. #.*
#...# *Y. **###**#.*
#.#** ###
**,....##.###.#####
*,,....a...##.$...##
*,,.P.....@........#*
*,,_................#
*,,.P..Y............#
*,,.................#
***#................#
#................#
#............)...#
##..S...........#*
**,,,,,**,,,,<**


You could see a sky beast, a worker ant (sleeping) and an adder (sleeping).

Vanquished Creatures
  A hound (D:2)
  2 worker ants
  A gnoll (D:1)
  4 adders
  An adder skeleton (D:5)
  A dart slug (D:3)
  5 orcs
  5 ball pythons
  2 giant cockroaches (D:2)
  6 goblins
  7 hobgoblins
  6 kobolds
  A quokka (D:5)
  4 bats
  2 frilled lizards (D:1)
  A giant cockroach zombie (D:5)
  A leopard gecko skeleton (D:5)
  16 rats
  A fungus (D:4)
67 creatures vanquished.

Vanquished Creatures (collateral kills)
  2 gnolls (D:4)
2 creatures vanquished.

Vanquished Creatures (others)
  A quokka skeleton (D:5)
1 creature vanquished.

Grand Total: 70 creatures vanquished

Notes
Turn   | Place    | Note
-------+----------+-------------------------------------------
     0 | D:1      | inc the Felid Wizard began the quest for the Orb.
     0 | D:1      | Reached XP level 1. HP: 7/7 MP: 5/5
    22 | D:1      | Reached skill level 1 in Conjurations
   369 | D:2      | Reached XP level 2. HP: 11/11 MP: 2/7
   505 | D:1      | Reached skill level 2 in Conjurations
  1040 | D:2      | Reached XP level 3. HP: 14/14 MP: 1/8
  1199 | D:2      | Reached skill level 3 in Conjurations
  1886 | D:1      | Learned a level 2 spell: Call Imp
  1938 | D:1      | Reached XP level 4. HP: 18/18 MP: 1/9
  2216 | D:2      | Learned a level 3 spell: Mephitic Cloud
  2310 | D:2      | Found a bloodstained altar of Trog.
  2310 | D:2      | Found an ancient bone altar of Kikubaaqudgha.
  2310 | D:2      | Found a deep blue altar of Sif Muna.
  2310 | D:2      | Found a hide-covered altar of Uskayaw.
  2317 | D:2      | Became a worshipper of Kikubaaqudgha
  2843 | D:3      | Reached skill level 4 in Conjurations
  2971 | D:3      | Reached XP level 5. HP: 21/21 MP: 5/10
  3051 | D:3      | Noticed Grinder
  3179 | D:4      | Noticed Eustachio
  3501 | D:3      | Reached * piety under Kikubaaqudgha
  3501 | D:3      | Identified Kikubaaqudgha's Compendium of Sinister Rituals (Kikubaaqudgha gifted it to you on level 3 of the Dungeon)
  3501 | D:3      | Received a gift from Kikubaaqudgha
  3544 | D:3      | Learned a level 1 spell: Pain
  3613 | D:5      | Entered Level 5 of the Dungeon
  3631 | D:5      | HP: 1/21 [worker ant (6)]
  3648 | D:5      | Found a stormy altar of Qazlal.
  3660 | D:5      | Found a shimmering altar of Xom.
  3664 | D:5      | Reached skill level 1 in Necromancy
  3821 | D:5      | Noticed an ice beast
  3824 | D:5      | Found a hazy altar of Hepliaklqana.
  4028 | D:5      | Slain by a bullfrog zombie
  4029 | D:5      | Reached XP level 4. HP: -3/18 MP: 0/9
  4030 | D:5      | Noticed a sky beast
  4033 | D:5      | Found a basalt altar of Yredelemnul.
  4034 | D:5      | Quit the game

Skill      XL: |  1  2  3  4  5 |
---------------+----------------+-----
Conjurations   | 1 2 3 4 |  4.4
Summonings     | 2 |  2.1
Necromancy     | 1 |  1.3
Dodging        | |  2.6
Stealth        | |  2.6
Spellcasting   | |  3.0
Translocations | |  1.5

Action                   |  1- 3 |  4- 6 || total
-------------------------+-------+-------++-------
Melee: Unarmed           |     4 |    41 ||    45
       Bite              |       |     6 ||     6
 Cast: Magic Dart        |   101 |    82 ||   183
       Pain              |       |    10 ||    10
       Call Imp          |       |     4 ||     4
  Use: Scroll            |       |     6 ||     6
       Potion            |       |     2 ||     2
 Stab: Sleeping          |     2 |     3 ||     5
  Eat: Chunk             |     7 |     5 ||    12
Armor: Skin              |     7 |     3 ||    10
Dodge: Dodged            |    45 |    44 ||    89
